 Dungeon Crawl Stone Soup version 0.19-a0-1875-g4fea3da (webtiles) character file.

17 Amnesiac the Skirmisher (level 2, 0/24 HPs)
             Began as a Mummy Monk on Oct 13, 2016.
             Was a Believer of Dithmenos.
             Slain by a hound (4 damage)
             ... on level 4 of the Dungeon.
             The game lasted 00:02:05 (846 turns).

Amnesiac the Skirmisher (Mummy Monk)                 Turns: 846, Time: 00:02:06

Health: 0/24       AC:  3    Str: 14    XL:     2   Next: 44%
Magic:  2/2        EV: 13    Int:  9    God:    Dithmenos [**....]
Gold:   80         SH:  0    Dex: 14    Spells: 0 memorised, 1 level left

rFire  x . .     SeeInvis .     a - +0 short sword
rCold  + . .     Gourm    .     b - +1 robe
rNeg   + + +     Faith    .     (no shield)
rPois  ∞         Spirit   .     (no helmet)
rElec  .         Dismiss  .     (no cloak)
rCorr  .         Reflect  .     (no gloves)
MR     .....     Harm     .     (no boots)
Stlth  ++........               (no amulet)
                                (no ring)
                                (no ring)

@: wreathed by umbra
A: no food or potions, fire vulnerability, cold resistance 1, negative energy
resistance 3, torment resistance, unbreathing
a: Shadow Step, Renounce Religion


You were on level 4 of the Dungeon.
You worshipped Dithmenos.
Dithmenos was pleased with you.
You were not hungry.

You visited 1 branch of the dungeon, and saw 4 of its levels.

You collected 80 gold pieces.

Inventory:

Hand Weapons
 a - a +0 short sword (weapon)
 c - a +0 dagger
Armour
 b - a +1 robe (worn)
Scrolls
 e - a scroll of identify {unknown}
 g - a scroll of magic mapping {unknown}
Books
 f - a book of Maledictions

   Spells                             Type                      Level
   a - Corona                         Hexes                        1
   b - Ensorcelled Hibernation        Hexes/Ice                    2
   c - Confuse                        Hexes                        3
   d - Tukima's Dance                 Hexes                        3
   e - Dazzling Spray                 Conjuration/Hexes            3


   Skills:
 - Level 3.0 Fighting
 + Level 2.9 Short Blades
 - Level 2.4 Dodging
 - Level 2.0 Stealth


You had one spell level left.
You didn't know any spells.

Dungeon Overview and Level Annotations

Branches:
Dungeon (3/15)

Altars:
Dithmenos


Innate Abilities, Weirdness & Mutations

You do not eat or drink.
Your flesh is vulnerable to fire.
You are immune to poison.
Your flesh is cold resistant. (rC+)
You are immune to negative energy. (rN+++)
You are immune to unholy pain and torment.
You can survive without breathing.


Message History

You hit the hound but do no damage. The hound bites you.
You hit the hound.
The hound is moderately wounded.
The hound bites you.
* * * LOW HITPOINT WARNING * * *
The hound bites you.
* * * LOW HITPOINT WARNING * * *
A frilled lizard comes into view.
You closely miss the hound.
The hound is moderately wounded.
The hound barely misses you.
You closely miss the hound.
The hound is moderately wounded.
The hound misses you. The hound barely misses you.
As you read the scroll labeled DON UNIMUI, it crumbles to dust.
It is a scroll of enchant armour.
Your +0 robe glows green for a moment.
The frilled lizard hisses angrily.
The hound bites you.
You die...

#.........#
#.........#
#.........#
#.........#
#.........#
#........%#
a.........#
######+###
#@# #h# #l#
#.# #.# ..#
.## .


You could see a hound and a frilled lizard.

Vanquished Creatures
  A leopard gecko (D:3)
  An orc (D:3)
  A goblin (D:2)
  3 hobgoblins
  5 kobolds
  2 bats
  A frilled lizard (D:1)
  A rat (D:2)
15 creatures vanquished.

Notes
Turn   | Place    | Note
-------+----------+-------------------------------------------
     0 | D:1      | Amnesiac the Mummy Monk began the quest for the Orb.
     0 | D:1      | Reached XP level 1. HP: 18/18 MP: 1/1
   408 | D:2      | Reached XP level 2. HP: 11/24 MP: 2/2
   774 | D:3      | Found a shadowy altar of Dithmenos.
   778 | D:3      | Became a worshipper of Dithmenos the Shadowed
   778 | D:3      | Reached * piety under Dithmenos
   778 | D:3      | Reached ** piety under Dithmenos
   824 | D:2      | You fall through a shaft for 2 floors!
   846 | D:4      | Slain by a hound

Vault maps used:
D:1:      dpeg_chamrin_arrival_tetris
D:3:      roderic_batcave, grunt_dithmenos_smoke_and_mirrors
D:4:      nicolae_overflow_hidden_temple, first_bread, hangedman_feature_mirror

Skill      XL: |  1 |
---------------+----+-----
Stealth        | 2 |  2.0
Fighting       | |  3.0
Short Blades   | |  2.9
Dodging        | |  2.4

Action                   || total
-------------------------++-------
Melee: Short sword       ||    73
  Use: Scroll            ||     1
 Stab: Sleeping          ||     2
Armor: Robe              ||     9
Dodge: Dodged            ||    38
